[Event "Team 45 45 League T85"]
[Site "Internet Chess Club"]
[Date "2020.08.01"]
[Round "5"]
[White "g8wrb"]
[Black "sdcohle"]
[Result "1-0"]
[WhiteElo "1283"]
[BlackElo "1334"]
[Opening "Nimzovich-Larsen attack: modern variation"]
[ECO "A01"]
[Time "10:02:12"]
[TimeControl "2700+45"]

1. b3 e5 2. Bb2 Nc6 3. e3 d6 4. Bb5 Bd7 5. a3 a6 6. Bxc6 Bxc6 7. Nf3 Qf6 8. d3
Bxf3 9. Qxf3 Qxf3 10. gxf3 f6 11. Rg1 Ne7 12. Nd2 Rg8 13. c4 Nc6 14. Ne4 Be7 15.
f4 Kf7 16. f5 g6 17. fxg6+ Rxg6 18. Rxg6 hxg6 19. O-O-O f5 20. Nc3 Rh8 21. Rh1
Rh3 22. Nd5 Bd8 23. Kd2 Ne7 24. b4 Nxd5 25. cxd5 Bg5 26. Ke2 f4 27. e4 f3+ 28.
Kf1 Bf4 29. Kg1 Rh5 30. h3 g5 31. Bc3 Rh4 32. a4 Kg6 33. b5 axb5 34. axb5 g4 35.
hxg4 Rxh1+ 36. Kxh1 Kg5 37. Bb4 b6 38. Kg1 Kxg4 39. Bc3 Kh3 40. Kh1 Bh2 41. Bd2
Bf4 42. Bxf4 exf4 43. d4 Kg4 44. Kh2 Kh4 45. Kg1 Kg5 46. Kf1 Kf6 47. Kg1 Kg5 48.
Kh2 Kf6 49. Kh3 Kg5 50. Kh2 Kf6 51. Kg1 Kg5 52. Kf1 Kf6 53. Ke1 Kg5 54. Kd2 Kf6
55. Kd3 Ke7 56. e5 dxe5 57. dxe5 Kf7 58. Ke4 Ke7 59. Kxf3 Kf7 60. Kxf4 Ke7 61.
Kf5 Kf7 62. f4 Ke7 63. Kg6 Kf8 64. f5 Kg8 65. Kf6 Kf8 66. Ke6 Ke8 67. f6 Kf8 68.
Kd7 Kf7 69. e6+ Kf8 70. e7+ Kf7 71. e8=Q+ Kxf6 72. Qe6+ Kg7 73. Qf5 c5 74. dxc6
Kh6 75. c7 Kg7 76. Qe6 Kh7 77. Qf6 Kg8 78. Qg6+ Kf8 79. c8=Q# {Black checkmated}
1-0

[Event "Team 45 45 League T85"]
[Site "Internet Chess Club"]
[Date "2020.07.30"]
[Round "5"]
[White "dwmt"]
[Black "seattleblues"]
[Result "1/2-1/2"]
[WhiteElo "1218"]
[BlackElo "1268"]
[Opening "Polish: Outflank variation"]
[ECO "A00"]
[Time "06:08:51"]
[TimeControl "2700+45"]

1. b4 c6 2. Bb2 Nf6 3. Bxf6 exf6 4. c3 d5 5. g3 Bd6 6. Bg2 O-O 7. Nf3 Nd7 8. O-O
Nb6 9. d3 Be6 10. a4 a5 11. bxa5 Rxa5 12. Nbd2 Qa8 13. Nb3 Rxa4 14. Nbd4 Rxa1
15. Qxa1 Qa4 16. Qb1 Qa7 17. Qb2 Bc7 18. Ra1 Qb8 19. Qa3 Bd6 20. Qa7 Qxa7 21.
Rxa7 Rb8 22. Nb3 Nd7 23. Na5 Bc5 24. Rxb7 Rxb7 25. Nxb7 Bb6 26. Nd6 Nc5 27. d4
Nb3 28. e4 Bc7 29. exd5 Bxd5 30. Nc8 Kf8 31. Ne1 Be6 32. Na7 Bb8 33. Nxc6 Bc7
34. d5 Bd7 35. c4 Nd2 36. Bf1 Nxf1 37. Kxf1 Bxc6 38. dxc6 Ke7 39. Ke2 Kd6 40.
Kd3 Kxc6 41. Nf3 Kc5 42. Nd4 Be5 43. Nb3+ Kd6 44. f4 Bb2 45. Ke4 g6 {Game drawn
by mutual agreement} 1/2-1/2

[Event "Team 45 45 League T85"]
[Site "Internet Chess Club"]
[Date "2020.08.02"]
[Round "5"]
[White "LuFran"]
[Black "rookmaster23"]
[Result "0-1"]
[WhiteElo "1753"]
[BlackElo "1654"]
[Opening "Sicilian, Chekhover variation"]
[ECO "B53"]
[Time "16:00:16"]
[TimeControl "2700+45"]

1. e4 c5 2. Nf3 d6 3. d4 cxd4 4. Qxd4 Nc6 5. Bb5 Bd7 6. Bxc6 Bxc6 7. Nc3 Nf6 8.
Bg5 e5 9. Qd2 Be7 10. O-O-O Nxe4 11. Bxe7 Nxd2 12. Bxd8 Nxf3 13. gxf3 Rxd8 14.
Nd5 f5 15. Rhg1 Kf7 16. c4 g6 17. h4 a6 18. a4 Bxa4 19. Rd3 Bc6 20. Nb6 Rhe8 21.
b4 e4 {White resigns} 0-1

[Event "Team 45 45 League T85"]
[Site "Internet Chess Club"]
[Date "2020.08.02"]
[Round "5"]
[White "sburreus09"]
[Black "julesraider"]
[Result "0-1"]
[WhiteElo "1499"]
[BlackElo "1619"]
[Opening "King's Indian: Sämisch, orthodox, 7.d5 c6"]
[ECO "E88"]
[Time "11:00:30"]
[TimeControl "2700+45"]

1. d4 Nf6 2. c4 g6 3. Nc3 Bg7 4. e4 d6 5. f3 O-O 6. Be3 e5 7. d5 c6 8. Bd3 Na6
9. a3 Nd7 10. Nge2 Nac5 11. Bc2 a5 12. dxc6 bxc6 13. Qxd6 Qf6 14. Bxc5 Nxc5 15.
Qxc5 Qg5 16. O-O Bh3 17. Ng3 Be6 18. Rad1 h5 19. Rf2 h4 20. Nf1 Rfc8 21. Ba4 Bf8
22. Qe3 Qh5 23. b3 Bh6 24. Qe2 Bf4 25. Rd6 Qg5 26. Bxc6 Ra6 27. Rxe6 fxe6 28.
Bb7 Raa8 29. Bxa8 Rxa8 30. Nb5 Rd8 31. c5 Rc8 32. b4 Kg7 33. Qd3 Rd8 34. Nd6
axb4 35. axb4 Ra8 36. Qb3 Ra1 37. Re2 Bxh2+ 38. Kf2 Qc1 39. Qxe6 Qxf1+ 40. Ke3
Bf4+ 41. Kd3 Ra3+ 42. Kc4 Qxe2+ 43. Kd5 Qa2+ 44. Nc4 Rd3+ 45. Kc6 Qa8+ 46. Kb5
Qb7+ 47. Nb6 Kh6 48. Qf6 Bg5 49. Qh8+ Qh7 50. Qxe5 Be3 51. f4 Qf7 52. Nd5 Qb7+
53. Kc4 Qa6+ 54. b5 Rd4+ 55. Qxd4 Qa4+ 56. Nb4 Bxd4 57. c6 Bb6 58. e5 Ba5 59. e6
Qxb4+ 60. Kd5 Bc7 61. e7 Qxe7 62. Kc4 Bb6 63. Kd5 Kh5 64. Kc4 Qc5+ 65. Kd3 Qxb5+
66. Ke4 Qxc6+ 67. Ke5 Bc7+ 68. Kd4 Bxf4 {White resigns} 0-1

[Event "Team 45 45 League T85"]
[Site "Internet Chess Club"]
[Date "2020.08.03"]
[Round "5"]
[White "olivermx"]
[Black "clarinetref"]
[Result "0-1"]
[WhiteElo "1340"]
[BlackElo "1450"]
[Opening "Robatsch defense: three pawns attack"]
[ECO "B06"]
[Time "20:02:04"]
[TimeControl "2700+45"]

1. e4 g6 2. d4 Bg7 3. f4 d6 4. Nf3 e6 5. Bd3 Ne7 6. O-O d5 7. e5 Nd7 8. Be3 b6
9. c4 dxc4 10. Bxc4 Bb7 11. Nc3 a6 12. Bd3 Qc8 13. Rc1 c5 14. Ne4 Bxe4 15. Bxe4
Nd5 16. Bxd5 exd5 17. dxc5 bxc5 18. Qxd5 O-O 19. Bxc5 Nxc5 20. Qxc5 Qe6 21. b3
Rfb8 22. Rfd1 Bf8 23. Qd5 Qb6+ 24. Kh1 Ba3 25. Rc6 Qd8 26. e6 Qxd5 27. Rxd5 fxe6
28. Rxe6 Rc8 29. Ra5 Rc1+ 30. Re1 Rxe1+ 31. Nxe1 Bb4 32. Re5 Rd8 33. Kg1 Bc3 34.
Re4 Rd2 35. Rc4 Bd4+ 36. Kf1 Rf2+ {White resigns} 0-1

[Event "Team 45 45 League T85"]
[Site "Internet Chess Club"]
[Date "2020.07.31"]
[Round "5"]
[White "sdcohle"]
[Black "MartyJR"]
[Result "1-0"]
[WhiteElo "1354"]
[BlackElo "1572"]
[Opening "Sicilian: closed"]
[ECO "B24"]
[Time "21:01:00"]
[TimeControl "2700+45"]

1. e4 c5 2. Nc3 Nc6 3. g3 g6 4. Bg2 Bg7 5. Nge2 e6 6. f4 Nge7 7. O-O O-O 8. d3
Nd4 9. Be3 Nec6 10. Rb1 d6 11. Bf2 Rb8 12. Nxd4 Nxd4 13. Ne2 Nc6 14. c3 Bd7 15.
d4 cxd4 16. Nxd4 b6 17. e5 Nxd4 18. Bxd4 d5 19. a4 Qc7 20. b3 Rfc8 21. Qd2 b5
22. axb5 Bxb5 23. Rfc1 Qd7 24. Bf1 Bxf1 25. Kxf1 Bf8 26. Qe3 a6 27. Qd3 a5 28.
Rc2 Rb7 29. Ra2 Qb5 30. Ke2 Ra8 31. Qxb5 Rxb5 32. b4 Be7 33. Rba1 Bd8 34. Kd3
Kf8 35. Bc5+ Ke8 36. Kd4 Kd7 37. c4 dxc4 38. Kxc4 Kc6 39. Bd6 Bb6 40. Ra4 Rd5
41. Rc1 Rd4+ 42. Kb3+ Kb5 43. Rc3 Rd1 44. Rc2 Rb1+ 45. Ka2 Kxa4 46. Kxb1 Kb5 47.
bxa5 Bxa5 48. Ra2 Ra6 49. Rb2+ Kc6 50. Kc2 Bb6 51. Kd3 Ra3+ 52. Bxa3 {Black
resigns} 1-0

[Event "Team 45 45 League T85"]
[Site "Internet Chess Club"]
[Date "2020.08.01"]
[Round "5"]
[White "Portola"]
[Black "zugknightly"]
[Result "1-0"]
[WhiteElo "1674"]
[BlackElo "1698"]
[Opening "King's Indian: East Indian defense"]
[ECO "A48"]
[Time "18:07:56"]
[TimeControl "2700+45"]

1. d4 Nf6 2. Nf3 g6 3. c3 Bg7 4. Bg5 d6 5. Nbd2 O-O 6. e3 h6 7. Bh4 Qe8 8. Be2
Nbd7 9. O-O e5 10. dxe5 Nxe5 11. Nxe5 dxe5 12. e4 Be6 13. f3 Nh5 14. Bf2 Nf4 15.
Re1 Qe7 16. Be3 Nxe2+ 17. Qxe2 Rad8 18. Nb3 b6 19. Red1 f5 20. Rxd8 Rxd8 21. Rd1
f4 22. Rxd8+ Qxd8 23. Bf2 c6 24. Nc1 g5 25. g4 Bf8 26. b3 c5 27. Nd3 c4 28. Nxe5
cxb3 29. axb3 Bxb3 30. Bd4 Bg7 31. Qb2 Be6 32. Qb5 Qc8 33. Kg2 Bf8 34. Ng6 Qd7
35. Qe5 Bg7 36. Qb8+ Kh7 37. Nf8+ Bxf8 38. Qxf8 Qf7 39. Qh8+ Kg6 40. Qe5 Bc4 41.
h4 gxh4 42. Qh5+ Kh7 43. Qxh4 Be6 44. Qd8 Bd7 45. Qh4 Be6 46. Be5 Bd7 47. Qf2
Bb5 48. Qd2 h5 49. Bxf4 hxg4 50. fxg4 Bc6 51. Qe3 Qg6 52. Kf3 a5 53. Qd4 a4 54.
Qe5 Qf7 55. Qf5+ Qxf5 56. gxf5 b5 57. Bc1 Kg7 58. Kf4 Kf7 59. e5 Bd5 60. Ba3 Bc4
61. Kg5 Bd5 62. Kf4 Bc4 63. Ke4 Bb3 64. Kd4 Bc4 65. Kc5 Bd3 66. e6+ Kf6 67. e7
Kxe7 68. Kd4+ Kf6 69. Kxd3 Kxf5 70. Kd4 Ke6 71. Kc5 {Black resigns} 1-0

[Event "Team 45 45 League T85"]
[Site "Internet Chess Club"]
[Date "2020.08.01"]
[Round "5"]
[White "scostanzo212"]
[Black "justice02"]
[Result "1-0"]
[WhiteElo "1607"]
[BlackElo "1545"]
[Opening "QGD Slav: 3.Nf3"]
[ECO "D11"]
[Time "20:31:06"]
[TimeControl "2700+45"]

1. d4 d5 2. c4 c6 3. Nf3 a6 4. Nc3 Nf6 5. e3 Nbd7 6. Qc2 g6 7. Bd3 Bg7 8. O-O
O-O 9. b3 Re8 10. Bb2 dxc4 11. Bxc4 Nb6 12. Bd3 Nbd5 13. Rfd1 Nb4 14. Qb1 Nxd3
15. Qxd3 Bg4 16. e4 Qc7 17. h3 Bd7 18. Rac1 Bh6 19. Rc2 Rad8 20. Bc1 Bg7 21. Be3
Qb8 22. Rcd2 Nh5 23. Ne2 Nf6 24. Nc3 h6 25. d5 cxd5 26. Nxd5 Nxd5 27. Qxd5 e6
28. Qa5 Qc8 29. e5 Bf8 30. Bb6 Be7 31. Bxd8 Rxd8 32. b4 Kg7 33. Qb6 Qc4 34. Qxb7
Bxb4 35. Rxd7 Rxd7 36. Qxd7 Qxa2 37. Qd8 Qa4 38. Qf6+ Kg8 39. Rd8+ Bf8 40. Qe7
Qd1+ 41. Kh2 {Black resigns} 1-0

[Event "Team 45 45 League T85"]
[Site "Internet Chess Club"]
[Date "2020.07.30"]
[Round "5"]
[White "cap78red"]
[Black "Kingofknights"]
[Result "1-0"]
[WhiteElo "1504"]
[BlackElo "1537"]
[Opening "English: Caro-Kann defensive system"]
[ECO "A11"]
[Time "15:00:47"]
[TimeControl "2700+45"]

1. c4 c6 2. Nc3 d5 3. e3 e5 4. cxd5 cxd5 5. Bb5+ Bd7 6. Qa4 Nf6 7. Bxd7+ Qxd7 8.
Qxd7+ Kxd7 9. Nf3 Nc6 10. d4 exd4 11. Nxd4 Bb4 12. Ke2 Nxd4+ 13. exd4 Rhe8+ 14.
Be3 a6 15. g4 Kd6 16. g5 Ne4 17. Nxe4+ Rxe4 18. Kd3 Rc8 19. Rac1 Rc6 20. a3 Ba5
21. b4 Bd8 22. Rc5 b6 23. Rxc6+ Kxc6 24. Rc1+ Kd7 25. f4 f6 26. h4 fxg5 27. hxg5
h6 28. gxh6 gxh6 29. Rh1 Re6 30. f5 Rf6 31. Rxh6 Rxf5 32. Rh7+ Kc6 33. a4 Rf3
34. Ke2 Rf5 35. Ra7 a5 36. b5+ Kd6 37. Bf2 Rf4 38. Bg3 Bg5 39. Bxf4+ Bxf4 40.
Rb7 {Black resigns} 1-0

[Event "Team 45 45 League T85"]
[Site "Internet Chess Club"]
[Date "2020.07.31"]
[Round "5"]
[White "tightfist"]
[Black "nosir"]
[Result "0-1"]
[WhiteElo "1461"]
[BlackElo "1451"]
[Opening "Dunst (Sleipner, Heinrichsen) opening"]
[ECO "A00"]
[Time "20:02:28"]
[TimeControl "2700+45"]

1. Nc3 Nf6 2. e4 d6 3. f3 g6 4. Bc4 Bg7 5. d4 O-O 6. Nge2 Nbd7 7. O-O e5 8. Be3
exd4 9. Bxd4 Re8 10. a3 Ne5 11. Ba2 Be6 12. Nd5 c6 13. Nxf6+ Bxf6 14. Bxe6 fxe6
15. Rb1 Nc4 16. Bxf6 Qxf6 17. Qd4 Qxd4+ 18. Nxd4 e5 19. Nb3 a5 20. Rf2 Red8 21.
Nd2 Nxd2 22. Rxd2 Rd7 23. Rbd1 Rad8 24. a4 d5 25. exd5 Rxd5 26. Rd3 Kf7 27. Kf2
Ke6 28. Ke3 b5 29. axb5 cxb5 30. Ke4 Rxd3 31. Rxd3 Rxd3 32. cxd3 a4 33. d4 exd4
34. Kxd4 b4 35. Kc4 a3 36. bxa3 bxa3 37. Kb3 Ke5 38. Kxa3 Kf4 39. Kb3 Ke3 40. f4
Kxf4 41. Kc3 Ke3 42. h3 Kf4 43. Kd3 Kg3 44. Ke3 Kxg2 45. Kf4 Kxh3 46. Kg5 h5 47.
Kf4 Kg2 48. Kg5 Kg3 49. Kxg6 h4 {White resigns} 0-1

[Event "Team 45 45 League T85"]
[Site "Internet Chess Club"]
[Date "2020.07.31"]
[Round "5"]
[White "Gojira"]
[Black "Chess4Him"]
[Result "0-1"]
[WhiteElo "1555"]
[BlackElo "1459"]
[Opening "Queen's pawn: Chigorin variation"]
[ECO "D00"]
[Time "21:01:04"]
[TimeControl "2700+45"]

1. d4 d5 2. Nc3 Nf6 3. Bf4 c5 4. e3 cxd4 5. exd4 a6 6. Bd3 Nc6 7. Nf3 Bg4 8. Be2
e6 9. h3 Bxf3 10. Bxf3 Bd6 11. Bxd6 Qxd6 12. a3 Rc8 13. O-O O-O 14. Re1 Na5 15.
Be2 Nc4 16. Bxc4 Rxc4 17. Nb1 Qb6 18. b3 Rxd4 19. Qf3 Rc8 20. Re2 Rd1+ 21. Kh2
Qd4 22. c3 Qd3 23. Re3 Qf1 24. Kg3 Ne4+ 25. Rxe4 dxe4 26. Qxe4 Qd3+ 27. f3 Qxe4
28. fxe4 Rcd8 29. Kf3 Kf8 30. Ke2 Rg1 31. Kf2 Rdd1 {White resigns} 0-1

[Event "Team 45 45 League T85"]
[Site "Internet Chess Club"]
[Date "2020.08.02"]
[Round "5"]
[White "BrerRabbit"]
[Black "rkjulianjr"]
[Result "1/2-1/2"]
[WhiteElo "1412"]
[BlackElo "1382"]
[Opening "Queen's pawn game, Darooha variation "]
[ECO "D02"]
[Time "14:02:28"]
[TimeControl "2700+45"]

1. d4 d5 2. Nf3 Nf6 3. g3 Bg4 4. Bg2 c6 5. c4 Nbd7 6. cxd5 Nxd5 7. h3 Bh5 8. O-O
e6 9. Bd2 Qb6 10. Bc3 Nxc3 11. bxc3 Qb2 12. Nbd2 Qxc3 13. Qa4 Nb6 14. Qb3 Qxb3
15. axb3 Bb4 16. g4 Bg6 17. Nc4 Nxc4 18. bxc4 f6 19. Nh4 Bc3 20. Nxg6 hxg6 21.
Rad1 Ke7 22. d5 exd5 23. cxd5 cxd5 24. Rxd5 Rad8 25. Kh2 Rxd5 26. Bxd5 b6 27.
Rc1 Be5+ 28. Kg2 Rd8 29. Be4 a5 30. Bxg6 Rb8 31. Bd3 b5 32. Rc5 Bd6 33. Rxb5
Rxb5 34. Bxb5 Bc5 35. e3 Kd6 36. Kg3 Kd5 37. Kf4 g6 38. h4 Bd6+ 39. Kf3 f5 40.
gxf5 gxf5 41. h5 Be5 42. h6 Kc5 43. Ba4 Kd6 44. Ke2 Ke7 45. f4 Bf6 46. Bc2 Ke6
47. Kd3 Kf7 48. Kc4 Kg6 49. h7 Kxh7 50. Bxf5+ Kg7 51. Bd7 Bh4 52. Kd3 Kf6 53. e4
Ke7 54. Bc6 Kd6 55. Ba4 Bg3 56. Ke3 Bh4 57. Bb3 Bf6 58. Ba4 Bc3 59. Kd3 {Game
drawn by mutual agreement} 1/2-1/2

[Event "Team 45 45 League T85"]
[Site "Internet Chess Club"]
[Date "2020.08.02"]
[Round "5"]
[White "CMAlge"]
[Black "dpmdpm"]
[Result "1-0"]
[WhiteElo "1248"]
[BlackElo "1404"]
[Opening "French: advance, Wade variation"]
[ECO "C02"]
[Time "13:00:37"]
[TimeControl "2700+45"]

1. e4 e6 2. d4 d5 3. e5 c5 4. c3 Qb6 5. Nf3 Bd7 6. Be2 cxd4 7. cxd4 Bb5 8. O-O
Bxe2 9. Qxe2 Ne7 10. a3 Ng6 11. b4 a6 12. Nc3 Be7 13. Na4 Qc6 14. Nc5 Bxc5 15.
bxc5 O-O 16. Rb1 Nd7 17. Bg5 h6 18. Be3 b6 19. Qd2 Kh7 20. h4 bxc5 21. dxc5
Ngxe5 22. Nxe5 Nxe5 23. Rb6 Qc8 24. c6 Nc4 25. Qd3+ f5 26. Rb7 Qxc6 27. Rfb1
Nxe3 28. Qxe3 Qe8 29. R1b6 e5 30. Qxh6+ Kg8 31. Qxg7# {Black checkmated} 1-0

[Event "Team 45 45 League T85"]
[Site "Internet Chess Club"]
[Date "2020.08.01"]
[Round "5"]
[White "Ostap-Bender"]
[Black "seldredg"]
[Result "0-1"]
[WhiteElo "1274"]
[BlackElo "1294"]
[Opening "Philidor: Hanham variation"]
[ECO "C41"]
[Time "15:01:57"]
[TimeControl "2700+45"]

1. e4 e5 2. Nf3 d6 3. d4 Nd7 4. Nc3 h6 5. Bc4 Ngf6 6. O-O Be7 7. h3 c6 8. Re1 b5
9. Bb3 a5 10. a4 b4 11. Nb1 Bb7 12. c4 c5 13. d5 Nf8 14. Nbd2 Ng6 15. g3 Bc8 16.
Kg2 Qd7 17. Rh1 Nh7 18. Qe1 Qd8 19. Bc2 O-O 20. Nf1 f5 21. exf5 Bxf5 22. Bxf5
Rxf5 23. Qe4 Qf8 24. Ne3 Rf7 25. Bd2 Nf6 26. Qxg6 Nh7 27. Ng4 Rxf3 28. Be3 Kh8
29. Qe4 Rf7 30. Raf1 Bg5 31. f4 exf4 32. Bxf4 Re8 33. Bxd6 Rxe4 34. Bxf8 Rxf8
35. Rxf8+ Nxf8 36. Rf1 Kg8 37. b3 h5 38. Kf3 Rd4 39. Ne5 Bf6 40. Nc6 Rd3+ 41.
Kf4 Rxb3 42. Nxa5 Ra3 43. Nb7 Nd7 44. a5 Be5+ 45. Ke4 Rxg3 46. Rf3 Rxf3 47. Kxf3
b3 48. a6 b2 49. a7 Nb6 {White resigns} 0-1

[Event "Team 45 45 League T85"]
[Site "Internet Chess Club"]
[Date "2020.07.31"]
[Round "5"]
[White "stanbeers"]
[Black "isolani"]
[Result "1-0"]
[WhiteElo "1424"]
[BlackElo "1283"]
[Opening "Queen's pawn game, Darooha variation "]
[ECO "D02"]
[Time "20:00:57"]
[TimeControl "2700+45"]

1. d4 d5 2. Nf3 Nf6 3. Nc3 c5 4. Bf4 a6 5. h3 Nc6 6. e3 e6 7. Be2 Be7 8. O-O O-O
9. Re1 b6 10. a3 Nd7 11. Rb1 f6 12. Bf1 Bb7 13. Na2 e5 14. dxe5 fxe5 15. Qxd5+
Kh8 16. Nxe5 Ndxe5 17. Qe4 Ng6 18. Rbd1 Qe8 19. Nc3 Nxf4 20. exf4 Bf6 21. Qf3
Qf7 22. Na4 Nd4 23. Qd3 Qc7 24. b3 Rad8 25. c4 Nf3+ 26. gxf3 Rxd3 27. Rxd3 Qxf4
28. Bg2 Bh4 29. Nxb6 Qg5 30. Nd5 Qf5 31. Rde3 Bxd5 32. cxd5 Qxd5 33. Re4 Qd2 34.
R4e2 Qd4 35. Kf1 Qd3 36. Kg1 h5 37. f4 Qxb3 38. Re5 Qb2 39. Rxh5+ Kg8 40. Bd5+
Rf7 41. Re8# {Black checkmated} 1-0

[Event "Team 45 45 League T85"]
[Site "Internet Chess Club"]
[Date "2020.08.03"]
[Round "5"]
[White "olivermx"]
[Black "xingon"]
[Result "1/2-1/2"]
[WhiteElo "1352"]
[BlackElo "1368"]
[Opening "French: advance, Paulsen attack"]
[ECO "C02"]
[Time "11:05:52"]
[TimeControl "2700+45"]

1. e4 e6 2. d4 d5 3. e5 c5 4. c3 Nc6 5. Nf3 Qb6 6. a3 f6 7. Be2 cxd4 8. cxd4
fxe5 9. dxe5 Bc5 10. b4 Bxf2+ 11. Kf1 Bd4 12. Nxd4 Nxd4 13. Be3 Ne7 14. Qxd4
O-O+ 15. Bf3 Qb5+ 16. Kf2 b6 17. Nc3 Qe8 18. Ne2 Nf5 19. Qd3 a5 20. Ng3 Ba6 21.
Qd2 Nh4 22. Bxb6 Qf7 23. Qd1 g5 24. h3 h5 25. Bc5 Qf4 26. Be3 Qxe5 27. Qd4 Qc7
28. Bxg5 Qxg3+ 29. Kxg3 Nf5+ 30. Kf2 Nxd4 31. Be7 Rf7 32. Bc5 Nxf3 33. gxf3 a4
34. Rhg1+ Kh7 35. Rg5 Rf5 36. Rag1 Rxg5 37. Rxg5 Re8 38. Rxh5+ Kg6 39. Re5 Bc8
40. f4 Bd7 41. f5+ Kf6 42. Bd4 Ke7 43. fxe6 Bxe6 44. h4 Kd6 45. Re3 Rg8 46. Rg3
Rf8+ 47. Rf3 Rg8 48. Rg3 Rf8+ 49. Rf3 Rg8 50. Rg3 Rf8+ {Game drawn by
repetition} 1/2-1/2

[Event "Team 45 45 League T85"]
[Site "Internet Chess Club"]
[Date "2020.08.03"]
[Round "5"]
[White "rawtoureux"]
[Black "MartyJR"]
[Result "0-1"]
[WhiteElo "1321"]
[BlackElo "1554"]
[Opening "Trompowsky attack (Ruth, Opocenský opening)"]
[ECO "A45"]
[Time "21:07:59"]
[TimeControl "2700+45"]

1. d4 Nf6 2. Bg5 d5 3. e3 Bf5 4. Bxf6 exf6 5. Nf3 c6 6. Bd3 Bg6 7. O-O Nd7 8. c3
Bd6 9. Qc2 Qc7 10. Nbd2 Bxd3 11. Qxd3 O-O 12. a4 Rfe8 13. a5 a6 14. g3 g6 15.
Kg2 f5 16. Rh1 Nf6 17. h3 Ne4 18. Nf1 Rac8 19. g4 f4 20. c4 dxc4 21. Qxc4 fxe3
22. Nxe3 Qe7 23. Qb3 Bf4 24. Rae1 Qc7 25. Nc4 Rcd8 26. Qd3 Nd6 27. Re7 Rxe7
{White resigns} 0-1

[Event "Team 45 45 League T85"]
[Site "Internet Chess Club"]
[Date "2020.08.01"]
[Round "5"]
[White "oldbookseller"]
[Black "chessnutdale"]
[Result "0-1"]
[WhiteElo "973"]
[BlackElo "1467"]
[Opening "Queen's pawn game"]
[ECO "A45"]
[Time "15:02:08"]
[TimeControl "2700+45"]

1. d4 Nf6 2. e3 e6 3. Bd3 d5 4. Nf3 Nc6 5. c3 Bd6 6. Nbd2 Bd7 7. O-O e5 8. Ng5
e4 9. Bc2 Ng4 10. g3 Qxg5 11. Nxe4 dxe4 12. Bxe4 Nf6 13. Bd3 Bh3 14. Re1 Qd5 15.
e4 Qa5 16. Bd2 Ng4 17. e5 Be7 18. e6 O-O 19. Qc2 g6 20. Qd1 Qb6 21. Re4 Nce5 22.
Bc2 fxe6 23. Bh6 Nf3+ 24. Qxf3 Rxf3 25. Rf4 Rxf4 26. Bxf4 Qc6 27. Re1 Qg2#
{White checkmated} 0-1

[Event "Team 45 45 League T85"]
[Site "Internet Chess Club"]
[Date "2020.08.03"]
[Round "5"]
[White "fledermaus"]
[Black "cadmiumorange"]
[Result "1-0"]
[WhiteElo "1884"]
[BlackElo "1745"]
[Opening "Réti opening"]
[ECO "A04"]
[Time "10:12:48"]
[TimeControl "2700+45"]

1. Nf3 d6 2. e4 g6 3. d4 Bg7 4. Be3 Nc6 5. Be2 e5 6. d5 Nce7 7. O-O h6 8. Nfd2
f5 9. f3 f4 10. Bf2 Nf6 11. c4 O-O 12. c5 g5 13. Nc3 h5 14. Nc4 g4 15. cxd6 cxd6
16. Nb5 g3 17. hxg3 fxg3 18. Bxg3 Ne8 19. f4 a6 20. fxe5 axb5 21. Rxf8+ Bxf8 22.
Nxd6 Nxd6 23. exd6 Ng6 24. Bxh5 Bxd6 25. Bxg6 Bxg3 26. Qh5 Qb6+ 27. Kh1 Qf6 28.
e5 Rxa2 29. Qh7+ Kf8 30. Qh6+ Kg8 31. Bh7+ Kh8 32. Qxf6+ {Black resigns} 1-0

[Event "Team 45 45 League T85"]
[Site "Internet Chess Club"]
[Date "2020.08.02"]
[Round "5"]
[White "BrianWood"]
[Black "justice02"]
[Result "1-0"]
[WhiteElo "1589"]
[BlackElo "1530"]
[Opening "QGD Slav: 3.Nf3"]
[ECO "D11"]
[Time "15:00:22"]
[TimeControl "2700+45"]

1. d4 d5 2. c4 c6 3. Nf3 a6 4. cxd5 cxd5 5. Nc3 Nf6 6. Bg5 Nbd7 7. e3 Qa5 8. Bd3
h6 9. Bh4 g5 10. Bg3 Bg7 11. O-O O-O 12. Rc1 Nb6 13. Bc7 Be6 14. Nd2 Rfc8 15.
Nb3 Qb4 16. a3 {Black resigns} 1-0

[Event "Team 45 45 League T85"]
[Site "Internet Chess Club"]
[Date "2020.08.01"]
[Round "5"]
[White "Grenadier"]
[Black "JeffH"]
[Result "0-1"]
[WhiteElo "1564"]
[BlackElo "1777"]
[Opening "Pirc defense"]
[ECO "B07"]
[Time "11:01:02"]
[TimeControl "2700+45"]

1. e4 d6 2. d4 Nf6 3. Bd3 e5 4. c3 d5 5. dxe5 Nxe4 6. Nf3 Nc6 7. O-O Bg4 8. Bf4
Nc5 9. Be2 Qd7 10. Nbd2 O-O-O 11. Nd4 Bxe2 12. Qxe2 Nxd4 13. cxd4 Ne6 14. Be3
Be7 15. Nb3 g5 16. Rac1 Kb8 17. Rc2 h5 18. Rfc1 c6 19. a4 g4 20. a5 a6 21. Qd3
h4 22. Qf5 Rdg8 23. Qxf7 Rg7 24. Qf5 Rf8 25. Qd3 Rfg8 26. Nc5 Bxc5 27. dxc5 d4
28. Bd2 h3 29. g3 Qd5 30. Qf1 d3 31. Rc3 Nd4 32. Rxd3 Ne2+ 33. Qxe2 Qg2# {White
checkmated} 0-1

[Event "Team 45 45 League T85"]
[Site "Internet Chess Club"]
[Date "2020.08.03"]
[Round "5"]
[White "timothysmall56"]
[Black "GoIrish"]
[Result "1-0"]
[WhiteElo "1594"]
[BlackElo "1490"]
[Opening "French: Winawer, advance, poisoned pawn variation"]
[ECO "C18"]
[Time "20:04:11"]
[TimeControl "2700+45"]

1. e4 e6 2. d4 d5 3. Nc3 Bb4 4. e5 c5 5. a3 Bxc3+ 6. bxc3 Ne7 7. Qg4 Qc7 8. dxc5
Qxe5+ 9. Ne2 Ng6 10. Qd4 Nc6 11. Qxe5 Ngxe5 12. Nd4 Bd7 13. Be2 O-O 14. O-O a6
15. f4 Nc4 16. Rb1 Rab8 17. Bd3 Rfe8 18. Re1 f6 19. Nf3 Rec8 20. Bxc4 dxc4 21.
Be3 Ne7 22. Nd2 Nd5 23. Bd4 Nxf4 24. Nxc4 Bb5 25. Nd6 Rc6 26. Nxb5 axb5 27. Rxb5
Nd5 28. c4 Nc7 29. Rb6 Rxb6 30. cxb6 Na6 31. Rxe6 Rd8 32. c3 Nb8 33. Re7 {Black
resigns} 1-0

[Event "Team 45 45 League T85"]
[Site "Internet Chess Club"]
[Date "2020.08.02"]
[Round "5"]
[White "filmdirector"]
[Black "Packerfan"]
[Result "1-0"]
[WhiteElo "1654"]
[BlackElo "1745"]
[Opening "Bishop's opening: Berlin defense"]
[ECO "C24"]
[Time "14:36:35"]
[TimeControl "2700+45"]

1. e4 e5 2. Bc4 Nf6 3. d3 Nc6 4. f4 d6 5. Nf3 Be7 6. O-O O-O 7. Nc3 exf4 8. Bxf4
Na5 9. Bb3 Nxb3 10. axb3 h6 11. Nb5 a6 12. Qd2 Bd7 13. Nbd4 Nh7 14. c3 Ng5 15.
Rf2 Nxf3+ 16. Rxf3 Bf6 17. Ne2 Qe7 18. Raf1 Bg5 19. g3 Bxf4 20. gxf4 Kh8 21. f5
f6 22. Nf4 Be8 23. Rg3 Rg8 24. Kh1 Rd8 25. Rfg1 Rd7 26. Ne6 g5 27. fxg6 Rxg6 28.
Rxg6 Bxg6 29. Rxg6 Qxe6 30. Qxh6+ Rh7 31. Qf8+ {Black resigns} 1-0

[Event "Team 45 45 League T85"]
[Site "Internet Chess Club"]
[Date "2020.07.31"]
[Round "5"]
[White "Draconian"]
[Black "Beetlejuice"]
[Result "1-0"]
[WhiteElo "1675"]
[BlackElo "1690"]
[Opening "Sicilian defense"]
[ECO "B44"]
[Time "14:01:39"]
[TimeControl "2700+45"]

1. e4 c5 2. Nf3 Nc6 3. d4 cxd4 4. Nxd4 e6 5. Nxc6 bxc6 6. Bd3 d5 7. Nd2 Nf6 8.
Qe2 Be7 9. O-O O-O 10. e5 Nd7 11. Nb3 c5 12. c4 Bb7 13. Rd1 d4 14. Bf4 Rb8 15.
Qc2 g6 16. a4 Qc7 17. Re1 Rfd8 18. a5 Bc6 19. Nd2 Bf8 20. Ne4 Bg7 21. Bg5 Rdc8
22. Nd6 Rf8 23. Be7 Nxe5 24. Bxf8 Nxd3 25. Qxd3 Bxf8 26. Ne4 Rxb2 27. Reb1 Rxb1+
28. Qxb1 Qe5 29. Ng3 h5 30. Qe1 Qg5 31. Ne4 Qe5 32. f3 Bh6 33. Qh4 Be3+ 34. Kf1
f5 35. Qd8+ Kh7 36. Nf6+ Kh6 37. Qh8+ Kg5 38. Nh7+ Kf4 39. g3+ {Black resigns}
1-0

[Event "Team 45 45 League T85"]
[Site "Internet Chess Club"]
[Date "2020.08.02"]
[Round "5"]
[White "CPTsopiens"]
[Black "ivanson"]
[Result "1-0"]
[WhiteElo "1830"]
[BlackElo "1628"]
[Opening "Ruy Lopez: closed"]
[ECO "C90"]
[Time "18:31:53"]
[TimeControl "2700+45"]

1. e4 e5 2. Nf3 Nc6 3. Bb5 a6 4. Ba4 Nf6 5. O-O Be7 6. Re1 b5 7. Bb3 d6 8. c3
Na5 9. Bc2 c5 10. a4 Rb8 11. d4 Bg4 12. dxe5 dxe5 13. Qxd8+ Bxd8 14. Nxe5 b4 15.
Be3 Be7 16. Nd2 Be6 17. Bd3 O-O 18. Bxa6 bxc3 19. bxc3 Rb2 20. Nd3 Rb6 21. Bxc5
{Black resigns} 1-0